 Dungeon Crawl Stone Soup version 0.26.1-11-gd32895ea62 (webtiles) character file.

Game seed: 5720369005698749138

206 vvl the Ruffian (level 5, -1/45 HPs)
             Began as a Naga Transmuter on June 3, 2021.
             Was a Follower of Cheibriados.
             Shot with an arrow by a centaur (4 damage)
             ... on level 3 of the Dungeon.
             The game lasted 00:10:13 (4230 turns).

vvl the Ruffian (Naga Transmuter)                   Turns: 4230, Time: 00:10:14

Health: -1/45      AC:  2    Str: 23    XL:     5   Next: 84%
Magic:  8/8        EV: 10    Int: 16    God:    Cheibriados [*.....]
Gold:   181        SH:  0    Dex: 14    Spells: 8/9 levels left

rFire    . . .     SeeInvis +   k - +2 dagger (elec)
rCold    . . .     Faith    .   (no shield)
rNeg     . . .     Spirit   .   (no armour)
rPois    +         Reflect  .   (helmet currently unavailable)
rElec    .         Harm     .   (no cloak)
rCorr    .         Rampage  .   d - +0 pair of gloves
Will     +....                  (no barding)
Stlth    +.........             (no amulet)
HPRegen  0.15/turn              f - +6 ring of strength
MPRegen  0.11/turn              j - ring of willpower

@: about to teleport, appendages (expiring), very slow
A: large, horns 2, see invisible, deformed body, poison resistance, slowness 2,
spit poison 1, AC +1
a: Spit Poison, End Transformation, Renounce Religion, Bend Time


You were on level 3 of the Dungeon.
You worshipped Cheibriados.
Cheibriados was aware of your devotion.
You had grown temporary horns.
You visited 1 branch of the dungeon, and saw 3 of its levels.

You collected 181 gold pieces.

Inventory:

Hand Weapons
 g - a +0 long sword
 k - a +2 dagger of electrocution (weapon)
Armour
 a - a +0 robe
 d - a +0 pair of gloves (worn)
 h - a +0 ring mail
 i - a +0 scale mail
Jewellery
 f - a +6 ring of strength (left hand)
 j - a ring of willpower (right hand)
 l - an uncursed ring of resist corrosion {unknown}
 o - a cursed ring of attention {unknown}
Scrolls
 b - 2 scrolls of identify {unknown}
 c - 3 scrolls of teleportation
 e - a scroll of amnesia {unknown}
 m - a scroll of enchant weapon {unknown}
 n - a scroll of remove curse {unknown}


   Skills:
 + Level 1.8 Fighting
 + Level 0.6 Armour
 + Level 2.0 Dodging
 * Level 4.0 Unarmed Combat
 + Level 2.5 Spellcasting
 * Level 3.2 Transmutations
 + Level 2.1 Poison Magic
 * Level 1.6 Invocations


You had 8 spell levels left.
You knew the following spells:

 Your Spells              Type           Power        Failure   Level
a - Beastly Appendage     Tmut           24%          5%          1

Your spell library contained the following spells:

 Spells                   Type           Power        Failure   Level
 Wereblood                Tmut           12%          9%          2
 Spider Form              Tmut/Pois      5%           21%         3
 Ice Form                 Ice/Tmut       7%           71%         4
 Blade Hands              Tmut           6%           83%         5


Dungeon Overview and Level Annotations

Branches:
Dungeon (3/15)

Altars:
Cheibriados
Elyvilon
Hepliaklqana
Sif Muna


Innate Abilities, Weirdness & Mutations

You cannot wear boots.
Your serpentine skin is tough. (AC +1)
You have supernaturally acute eyesight. (SInv)
Armour fits poorly on your strangely shaped body.
Your system is resistant to poisons. (rPois)
You cover ground very slowly.
You can spit poison.
You have a pair of horns on your head.


Message History

The centaur wields a +0 shortbow.
The centaur shoots an arrow.
The arrow barely misses you. The orc barely misses you.
You closely miss the orc. You headbutt the orc!
You kill the orc!
Cheibriados appreciates the change of pace.
The centaur shoots an arrow.
The arrow hits you!
You puncture the orc! Lightning courses through the orc!
You kill the orc!
Cheibriados thoroughly appreciates the change of pace.
The centaur shoots an arrow.
The arrow hits you!
The centaur shoots an arrow.
The arrow hits you!
* * * LOW HITPOINT WARNING * * *
The kobold throws a poisoned dart.
The poisoned dart barely misses you.
Okay, then.
As you read the scroll labelled BESSOTR FOESH, it crumbles to dust.
You feel strangely unstable.
It was a scroll of teleportation.
Your transformation is almost over.
The centaur shoots an arrow.
The arrow hits you.
You die...

#### ######..
#...########.......
#...#.....)..####..
#.(..........# #.#
#......†....# ##.#
#....######.###...
#....# #......_.
#....#####...##...
#@...........###.#
#)...........###.#
......cK...............#
...>...###............).
....... #...<...#......
###...( #######.#.#....
####. .#.....# #.
#.#.....# .. #........


You could see a centaur and a kobold.

Vanquished Creatures
  An orc priest (D:3)
  2 orc wizards (D:3)
  3 adders
  2 oozes
  2 worms (D:2)
  9 orcs (D:3)
  8 giant cockroaches
  7 goblins
  11 hobgoblins
  4 bats
  6 frilled lizards
  8 kobolds
  5 rats
68 creatures vanquished.

Notes
Turn   | Place    | Note
-------+----------+-------------------------------------------
     0 | D:1      | vvl the Naga Transmuter began the quest for the Orb.
     0 | D:1      | Reached XP level 1. HP: 18/18 MP: 3/3
   264 | D:1      | Reached XP level 2. HP: 21/25 MP: 3/5
  1222 | D:2      | Reached skill level 1 in Poison Magic
  1222 | D:2      | Reached XP level 3. HP: 22/31 MP: 6/6
  1477 | D:2      | Found a shimmering blue altar of Sif Muna.
  2167 | D:2      | Found a snail-covered altar of Cheibriados.
  2173 | D:2      | Became a worshipper of Cheibriados the Contemplative
  2251 | D:2      | Reached XP level 4. HP: 25/38 MP: 7/7
  3193 | D:3      | Found a hazy altar of Hepliaklqana.
  3406 | D:3      | Found a faded altar of an unknown god.
  3421 | D:3      | Reached * piety under Cheibriados
  3476 | D:3      | Reached XP level 5. HP: 18/43 MP: 6/8
  3479 | D:3      | Reached skill level 1 in Invocations
  3880 | D:3      | Found a white marble altar of Elyvilon.
  4029 | D:3      | Reached skill level 4 in Unarmed Combat
  4220 | D:3      | Noticed a centaur
  4230 | D:3      | Shot with an arrow by a centaur

Illustrated notes

Levels and vault maps discovered:
D:1:      lemuel_arrival_rhombus, layout_basic
D:2:      layout_loops_corners, marbit_many_paths, cheibriados_altar_1
D:3:      layout_basic, kennysheep_ying_yang, nicolae_overflow_crystal_walls,
          chequers_ecumenical_altar_island

Skill      XL: |  1  2  3  4  5 |
---------------+----------------+-----
Poison Magic   | 1 2 |  2.1
Transmutations | 3 |  3.2
Dodging        | 2 |  2.0
Invocations    | 1 |  1.6
Unarmed Combat | 4 |  4.0
Fighting       | |  1.8
Armour         | |  0.6
Spellcasting   | |  2.5

Action                   |  1- 3 |  4- 6 || total
-------------------------+-------+-------++-------
Melee: Unarmed           |    41 |     1 ||    42
       Dagger            |    76 |    82 ||   158
       Headbutt          |     3 |     2 ||     5
 Cast: Beastly Appendage |    12 |     4 ||    16
  Use: Potion            |     4 |       ||     4
       Scroll            |       |     1 ||     1
Armor: Robe              |    30 |    10 ||    40
       Ring mail         |       |     7 ||     7
       Skin              |       |     5 ||     5
Dodge: Dodged            |    64 |    55 ||   119
